 Dungeon Crawl Stone Soup version 0.25-a0-523-g9afb2ee040 (webtiles) character file.

Game seed: 8803832580204774227, levelgen mode: deterministic

33863 Flugslaktarn the Severer (level 13, 0/123 HPs)
             Began as a Deep Dwarf Fighter on Feb 18, 2020.
             Was a High Priest of Makhleb.
             Succumbed to a redback's poison
             ... on level 15 of the Dungeon.
             The game lasted 00:07:53 (8475 turns).

Flugslaktarn the Severer (Deep Dwarf Fighter)       Turns: 8475, Time: 00:07:54

Health: 0/123      AC: 26    Str: 24    XL:     13   Next: 39%
Magic:  7/7        EV:  7    Int: 10    God:    Makhleb [*****.]
Gold:   1597       SH:  0    Dex: 12    Spells: 12/12 levels left

rFire    . . .     SeeInvis .   S - +2 executioner's axe (elec)
rCold    . . .     Gourm    .   (shield currently unavailable)
rNeg     . . .     Faith    .   Q - +0 plate armour
rPois    +         Spirit   .   I - +1 helmet
rElec    .         Reflect  .   C - +0 cloak {rPois}
rCorr    +         Harm     .   L - +2 pair of gloves
MR       +....                  f - +2 pair of boots
Stlth    ..........             (no amulet)
HPRegen  0.00/turn              k - ring of resist corrosion
MPRegen  0.10/turn              K - ring of stealth

@: lethally poisoned (0 -> -47), non-regenerating
A: damage resistance, heal wounds, sense surroundings 2, no regeneration
a: Heal Wounds, Minor Destruction, Lesser Servant of Makhleb, Major Destruction,
Greater Servant of Makhleb, Renounce Religion


You were on level 15 of the Dungeon.
You worshipped Makhleb.
Makhleb was extremely pleased with you.
You were hungry.

You visited 2 branches of the dungeon, and saw 16 of its levels.

You collected 1597 gold pieces.

Inventory:

Hand Weapons
 a - a +0 war axe
 x - a +1 war axe of freezing
   (You took it off an orc on level 3 of the Dungeon)
 S - a +2 executioner's axe of electrocution (weapon)
   (You took it off Rupert on level 13 of the Dungeon)
Missiles
 R - 2 throwing nets (quivered)
Armour
 c - a +0 kite shield
 f - a +2 pair of boots (worn)
   (You found it on level 1 of the Dungeon)
 C - a +0 cloak of poison resistance (worn)
   (You found it on level 8 of the Dungeon)
 I - a +1 helmet (worn)
   (You found it on level 12 of the Dungeon)
 L - a +2 pair of gloves (worn)
   (You found it on level 10 of the Dungeon)
 Q - a +0 plate armour (worn)
   (You took it off an orc warrior on level 12 of the Dungeon)
Jewellery
 k - a ring of resist corrosion (left hand)
   (You found it on level 11 of the Dungeon)
 o - an uncursed ring of poison resistance
   (You took it off an orc on level 12 of the Dungeon)
 y - an uncursed ring of fire
   (You found it on level 8 of the Dungeon)
 K - a ring of stealth (right hand)
   (You found it on level 12 of the Dungeon)
Wands
 b - a wand of iceblast (21)
   (You took it off Erica on level 8 of the Dungeon)
 l - a wand of acid (12)
   (You found it on level 3 of the Dungeon)
 D - a wand of paralysis (12)
   (You found it on level 5 of the Dungeon)
 E - a wand of scattershot (4)
   (You found it on level 5 of the Dungeon)
Scrolls
 j - a scroll of enchant weapon
 p - a scroll of magic mapping
 r - 11 scrolls of identify
 t - 5 scrolls of teleportation
 w - 4 scrolls of remove curse
 z - 2 scrolls of blinking
 A - a scroll of enchant armour
 J - 2 scrolls of fear
 M - 2 scrolls of fog
 O - a scroll of torment {unknown}
 P - a scroll of immolation
Potions
 d - a potion of might
 g - 6 potions of berserk rage
 h - 4 potions of lignification
 i - a potion of stabbing {unknown}
 m - 3 potions of invisibility
 n - a potion of resistance
 q - 5 potions of curing
 s - 3 potions of heal wounds {unknown}
 u - a potion of cancellation {unknown}
 v - 4 potions of haste
 B - a potion of magic {unknown}
 F - 2 potions of flight {unknown}
 H - 2 potions of brilliance {unknown}
Miscellaneous
 N - a phantom mirror
Comestibles
 e - 18 rations
 G - a chunk of flesh


   Skills:
 + Level 10.2 Fighting
 * Level 15.7 Axes
 + Level 12.0 Armour
 - Level 10.8 Shields


You had 12 spell levels left.
You didn't know any spells.
Your spell library was empty.

Dungeon Overview and Level Annotations

Branches:
Dungeon (15/15)            Temple (1/1) D:7            Lair (0/6) D:11
    Orc (0/2) D:12         Vaults (0/5) D:13         Depths (0/5) D:15

Altars:
Ashenzari
Cheibriados
Dithmenos
Elyvilon
Fedhas
Gozag
Hepliaklqana
Kikubaaqudgha
Makhleb
Okawaru
Qazlal
Ru
Sif Muna
Trog
Uskayaw
Vehumet
Wu Jian
Xom
Yredelemnul
Zin
The Shining One
Beogh

Shops:
D:8 (   D:11 *


Innate Abilities, Weirdness & Mutations

You are resistant to damage.
You can heal yourself by infusing magical energy.
You passively map the area around you.
You do not regenerate.


Message History

You feel extremely sick. The meliai hits you but does no damage.
The meliai barely misses you.
The meliai mumbles some strange prayers to its god against you.
Something smites you!
* * * LOW HITPOINT WARNING * * *
The deep elf mage mumbles some strange words.
The deep elf mage blinks!
The redback barely misses you.
The meliai mumbles some strange prayers to its god against you.
Something smites you!
* * * LOW HITPOINT WARNING * * *
* * * LOW HITPOINT WARNING * * *
You feel very sick. The demonic crawler barely misses you.
The demonic crawler hits you but does no damage. x2
The meliai barely misses you.
The meliai stings you but does no damage.
* * * LOW HITPOINT WARNING * * *
You feel very sick. The meliai closely misses you.
The meliai completely misses you.
You die...

≈≈≈≈≈8....≈# , * , ,
...8......≈#, + * * ≈
......._..≈+ ,* * .P.._.....≈+
, ,* *, .........≈≈# , * , *
≈≈≈≈≈≈≈≈≈≈# .. , * * * * *
*##''###...P
##################s.D)...... ,
................@.yss....P..
,,
.#.....).......##..##.......∩,
, #....##)..##..#.#.r# #.Pe...
....#.#...#...##....# ....∩.,∩
....##...##.................
#..............##..#..#...P. ,
##..##..#.....##########....
############## * , , * ** *


You could see a six-headed hydra, a demonic crawler, a tarantella, a redback, a
meliai and a hell rat.

Vanquished Creatures
  Rupert (D:13)
  Gastronok (D:12)
  4 vault guards (D:13)
  Josephine (D:15)
  A hydra (D:14)
  2 two-headed ogres
  Erica (D:8)
  A tengu warrior (D:14)
  An unseen horror (D:14)
  A phantasmal warrior (D:13)
  A glowing orange brain (shapeshifter) (D:14)
  A wolf spider zombie (D:13)
  2 deep elf magi
  2 manticores
  A cyclops (D:13)
  3 ugly things
  Maurice (D:13)
  An elephant (D:11)
  A black mamba (shapeshifter) (D:14)
  Joseph (D:8)
  A kobold demonologist (D:13)
  A komodo dragon (D:13)
  A troll (D:13)
  6 hippogriffs
  2 meliai (D:15)
  A redback (D:10)
  A spriggan (D:7)
  2 vampires (D:13)
  17 yaks
  4 wyverns
  4 wraiths (D:15)
  2 basilisks (D:11)
  7 vampire mosquitoes
  3 hogs (D:13)
  4 hungry ghosts
  Menkaure (D:7)
  3 acid dragons
  A water moccasin (D:10)
  3 ice beasts
  A sky beast (D:9)
  10 ogres
  7 orc warriors
  4 phantoms
  An eye of draining (D:10)
  3 centaurs
  A crocodile (D:10)
  A big kobold (D:14)
  8 bullfrogs
  3 scorpions
  6 wights
  24 killer bees
  4 howler monkeys
  3 electric eels (D:14)
  A crimson imp (D:5)
  2 bullfrog zombies
  A quasit (D:14)
  4 centaur skeletons
  A jelly (D:12)
  2 gnoll shamans
  5 hounds
  5 orc priests
  8 orc wizards
  5 bullfrog skeletons
  2 iguanas
  12 worker ants
  A hound skeleton (D:10)
  8 adders
  20 gnolls
  2 shadow imps
  12 white imps (D:11)
  A worm (D:3)
  7 leopard geckos
  74 orcs
  A ball python (D:2)
  4 bats
  5 goblins
  2 hobgoblins
  11 jackals
  8 kobolds
  4 quokkas
  4 frilled lizards
  A quokka zombie (D:5)
  6 rats
387 creatures vanquished.

Vanquished Creatures (collateral kills)
  Kirke (D:13)
1 creature vanquished.

Vanquished Creatures (others)
  A kobold (D:14)
1 creature vanquished.

Grand Total: 389 creatures vanquished

Notes
Turn   | Place    | Note
-------+----------+-------------------------------------------
     0 | D:1      | Flugslaktarn the Deep Dwarf Fighter began the quest for the
                  | Orb.
     0 | D:1      | Reached XP level 1. HP: 20/20 MP: 1/1
   188 | D:1      | Reached XP level 2. HP: 22/27 MP: 2/2
   797 | D:2      | Reached skill level 3 in Axes
   797 | D:2      | Reached XP level 3. HP: 18/33 MP: 3/3
   991 | D:3      | Reached XP level 4. HP: 29/42 MP: 4/4
  1066 | D:3      | Found a glowing golden altar of the Shining One.
  1075 | D:3      | Found a sacrificial altar of Ru.
  1241 | D:3      | You fall into a shaft and drop 1 floor!
  1258 | D:4      | Reached skill level 4 in Axes
  1258 | D:4      | Reached XP level 5. HP: 48/49 MP: 5/5
  1282 | D:4      | Found a shattered altar of Ashenzari.
  1410 | D:4      | Noticed an ogre
  1417 | D:4      | Killed an ogre
  1454 | D:4      | Reached XP level 6. HP: 32/56 MP: 5/5
  1487 | D:4      | Reached skill level 5 in Axes
  1719 | D:5      | Entered Level 5 of the Dungeon
  1807 | D:5      | Reached XP level 7. HP: 27/64 MP: 6/6
  1808 | D:5      | Found a hide-covered altar of Uskayaw.
  1809 | D:5      | Found an ancient bone altar of Kikubaaqudgha.
  1865 | D:5      | Found a shimmering altar of Xom.
  1866 | D:5      | Found a blossoming altar of Fedhas.
  1867 | D:5      | Found an iron altar of Okawaru.
  1868 | D:5      | Found a basalt altar of Yredelemnul.
  1916 | D:5      | Reached skill level 5 in Armour
  1916 | D:5      | Reached skill level 5 in Shields
  2153 | D:6      | Reached skill level 6 in Axes
  2215 | D:6      | Reached XP level 8. HP: 11/73 MP: 6/6
  2536 | D:7      | Reached skill level 7 in Axes
  2565 | D:7      | Identified a scroll of acquirement
  2615 | D:7      | Found a staircase to the Ecumenical Temple.
  2624 | Temple   | Entered the Ecumenical Temple
  2714 | Temple   | Became a worshipper of Makhleb the Destroyer
  2962 | D:7      | Noticed Menkaure
  2970 | D:7      | Killed Menkaure
  2970 | D:7      | Reached skill level 5 in Fighting
  3219 | D:8      | Reached skill level 8 in Axes
  3313 | D:8      | Noticed a hippogriff
  3327 | D:8      | Killed a hippogriff
  3363 | D:8      | Gained mutation: You passively map the area around you.
                  | [Deep Dwarf growth]
  3363 | D:8      | Reached XP level 9. HP: 44/81 MP: 7/7
  3457 | D:8      | Found Iqeighug's Antique Weapon Shoppe.
  3469 | D:8      | Noticed Joseph
  3495 | D:8      | Killed Joseph
  3495 | D:8      | Reached skill level 9 in Axes
  3571 | D:8      | Reached * piety under Makhleb
  3725 | D:8      | Noticed Erica
  3740 | D:8      | Killed Erica
  3740 | D:8      | Reached skill level 10 in Axes
  4150 | D:9      | Found a burning altar of Makhleb.
  4171 | D:9      | Reached XP level 10. HP: 65/92 MP: 7/7
  4618 | D:10     | Entered Level 10 of the Dungeon
  4672 | D:10     | Reached ** piety under Makhleb
  4808 | D:10     | Reached skill level 11 in Axes
  4879 | D:10     | Found a roughly hewn altar of Beogh.
  4988 | D:10     | Reached *** piety under Makhleb
  5423 | D:11     | Noticed a manticore
  5443 | D:11     | Killed a manticore
  5451 | D:11     | Noticed a brown ugly thing
  5463 | D:11     | Killed a brown ugly thing
  5463 | D:11     | Reached XP level 11. HP: 52/100 MP: 7/7
  5514 | D:11     | Found Leatepu's General Store.
  5575 | D:11     | Found a staircase to the Lair.
  5592 | D:11     | Reached skill level 12 in Axes
  5624 | D:11     | Found a frozen archway.
  5656 | D:11     | Reached **** piety under Makhleb
  5661 | D:11     | You fall into a shaft and drop 2 floors!
  5661 | D:13     | Noticed Kirke
  5681 | D:13     | Noticed a lindwurm
  5686 | D:13     | Killed Kirke
  5896 | D:12     | Noticed Gastronok
  5923 | D:12     | Killed Gastronok
  5923 | D:12     | Reached skill level 13 in Axes
  5923 | D:12     | Reached skill level 10 in Armour
  5923 | D:12     | Reached skill level 10 in Shields
  6054 | D:12     | Found a staircase to the Orcish Mines.
  6100 | D:12     | Reached ***** piety under Makhleb
  6371 | D:11     | Noticed a brown ugly thing
  6372 | D:11     | Noticed a two-headed ogre
  6385 | D:11     | Killed a brown ugly thing
  6385 | D:11     | Reached XP level 12. HP: 73/112 MP: 6/6
  6393 | D:11     | Killed a two-headed ogre
  7241 | D:13     | Noticed Maurice
  7242 | D:13     | Noticed Rupert
  7275 | D:13     | Killed Rupert
  7275 | D:13     | Reached skill level 14 in Axes
  7278 | D:13     | Killed Maurice
  7494 | D:13     | Noticed a two-headed ogre
  7499 | D:13     | Killed a two-headed ogre
  7533 | D:13     | Noticed a vault guard
  7533 | D:13     | Noticed a vault guard
  7536 | D:13     | Noticed a vault guard
  7539 | D:13     | Noticed a vault guard
  7541 | D:13     | Killed a vault guard
  7545 | D:13     | Found a gate to the Vaults.
  7552 | D:13     | Killed a vault guard
  7560 | D:13     | Killed a vault guard
  7563 | D:13     | Killed a vault guard
  7566 | D:13     | Reached skill level 15 in Axes
  7578 | D:13     | Reached XP level 13. HP: 122/122 MP: 7/7
  7865 | D:14     | Reached skill level 10 in Fighting
  8387 | D:15     | Entered Level 15 of the Dungeon
  8431 | D:15     | Noticed Josephine
  8441 | D:15     | Killed Josephine
  8462 | D:15     | Found a sacrificial altar of Ru.
  8463 | D:15     | Found an ancient bone altar of Kikubaaqudgha.
  8463 | D:15     | Found a shadowy altar of Dithmenos.
  8474 | D:15     | HP: 5/123 [poisoned by a redback]
  8475 | D:15     | Succumbed to a redback's poison

Levels and vault maps discovered:
D:1:      evilmike_arrival_crescent, layout_rooms, chequers_mini_garden
D:2:      layout_loops_corners, marbit_many_paths, uniq_crazy_yiuf_cottage
D:3:      layout_basic, amethyst_overflow_temple_binary, first_ration,
          minivault_26
D:4:      cheibrodos_old_hovel, layout_basic, cheibrodos_ashenzari_chains
D:5:      layout_cave_pools, grunt_temple_overflow_open,
          kennysheep_generic_room_11
D:6:      layout_rooms
D:7:      layout_rooms, minmay_temple_entry_mini_moons, the_bakery,
          uniq_menkaure
D:8:      layout_basic, serial_shops, shop, uniq_erica, uniq_joseph
D:9:      layout_basic, bloody_makhleb
D:10:     layout_roguey [special_room_orc], kennysheep_just_a_vault
D:11:     layout_cave_pods, david_lair_generic, serial_shops, shop,
          portal_ice_cave_entry_imps, kennysheep_generic_room_16
D:12:     layout_rooms, orc_0_dummy, uniq_gastronok
D:13:     kennysheep_funnel, layout_basic, lightli_vaults_fourway_checkpoint,
          uniq_rupert, uniq_kirke, uniq_maurice
D:14:     layout_basic, kennysheep_big_empty_room
D:15:     hangedman_slaughterboxes, uniq_josephine
Temple:   hc_temple_tempest_star

Skill      XL: |  1  2  3  4  5  6  7  8  9 10 11 12 13 |
---------------+----------------------------------------+-----
Axes           | 3 4 5 6 8 10 11 13 15 | 15.7
Fighting       | 3 4 5 6 7 8 9 10 | 10.2
Armour         | 4 5 6 7 9 10 11 12 | 12.0
Shields        | 4 5 6 7 9 10 | 10.8

Action                   |  1- 3 |  4- 6 |  7- 9 | 10-12 | 13-15 || total
-------------------------+-------+-------+-------+-------+-------++-------
Melee: War axe           |    68 |   121 |   320 |   677 |       ||  1186
       Unarmed           |       |       |       |     1 |       ||     1
       Executioner's axe |       |       |       |    73 |   115 ||   188
Invok: Lesser Servant of |       |       |       |     2 |       ||     2
 Abil: Heal Wounds       |     1 |     4 |    14 |    11 |       ||    30
Evoke: Wand              |       |       |       |     1 |       ||     1
  Use: Scroll            |       |       |    19 |     3 |       ||    22
       Potion            |       |       |     1 |     1 |       ||     2
  Eat: Chunk             |       |     3 |     7 |    18 |     3 ||    31
       Ration            |       |       |     2 |       |       ||     2
Armor: Scale mail        |    34 |    74 |    31 |       |       ||   139
       Chain mail        |       |       |    85 |   211 |       ||   296
       Skin              |       |       |    46 |       |       ||    46
       Plate armour      |       |       |       |   182 |   215 ||   397
Dodge: Dodged            |    27 |    52 |    85 |   199 |    84 ||   447
Block: Kite shield       |    49 |   114 |   193 |   379 |       ||   735

Table legend:
 A = Non-vault XP
 B = Vault XP
 C = Vault XP percentage of total XP
 D = Non-vault monster count
 E = Vault monster count
 F = Vault count percentage of total count
                 A         B        C        D         E       F
            +---------+---------+-------+---------+---------+-------
      Total |   26849 |   21527 |  44.5 |     309 |      79 |  20.4
            +---------+---------+-------+---------+---------+-------
        D:1 |      16 |       0 |   0.0 |       9 |       0 |   0.0
        D:2 |      57 |       0 |   0.0 |      12 |       0 |   0.0
        D:3 |      91 |       0 |   0.0 |      22 |       0 |   0.0
        D:4 |     453 |      40 |   8.1 |      16 |       1 |   5.9
        D:5 |     230 |       0 |   0.0 |      10 |       0 |   0.0
        D:6 |     665 |       0 |   0.0 |      20 |       0 |   0.0
        D:7 |     345 |     389 |  53.0 |       9 |       2 |  18.2
        D:8 |    1742 |    1352 |  43.7 |      27 |       2 |   6.9
        D:9 |    1259 |       0 |   0.0 |      26 |       0 |   0.0
       D:10 |    2587 |     813 |  23.9 |      28 |      27 |  49.1
       D:11 |    3855 |    1444 |  27.3 |      29 |      19 |  39.6
       D:12 |    3923 |    2151 |  35.4 |      46 |       1 |   2.1
       D:13 |    3587 |   12395 |  77.6 |      18 |      19 |  51.4
       D:14 |    8039 |       0 |   0.0 |      37 |       0 |   0.0
       D:15 |       0 |    2943 | 100.0 |       0 |       8 | 100.0
            +---------+---------+-------+---------+---------+-------
